AoeStats
← Guru8722

Arabia

503287342Analyzed
2v2 RM · 1mo ago on Aug 31, 2026· 71m 47s· 4 players
Game mode
Random Map
Map size
Medium (4 player)
Population
200
Speed
Normal
Resources
Standard
Victory
Conquest
Starting age
Dark Age
Ending age
Imperial Age
RankedLock teamsTeams togetherTeam positionsShared explorationLock speedFull tech treeHidden civsTurbo modeCheats
Victory
Defeat
🇨🇱 Mongols · Chile
1018
+16
🇨🇱 Franks · Chile
948
+20
🇺🇸 Vietnamese · United States
1046
-19
🇺🇸 Magyars · United States
1010
-17
TOMS
6:44 Loom
9:56 Feudal Age
10:38 Double-Bit Axe
14:45 Wheelbarrow
15:39 Scale Barding Armor
22:39 Castle Age
21:11 Padded Archer Armor
22:44 Elite Skirmisher
24:05 Forging
29:27 Husbandry
32:53 Bow Saw
32:38 Gold Mining
36:18 Hand Cart
37:13 Gold Shaft Mining
39:18 Imperial Age
40:42 Iron Casting
40:28 Chain Barding Armor
40:34 Town Watch
40:23 Cavalier
46:09 Ballistics
45:45 Fletching
50:28 Conscription
51:15 Paladin
55:09 Plate Barding Armor
55:35 Blast Furnace
67:14 Light Cavalry
UlisesLima
7:54 Loom
10:08 Feudal Age
11:04 Double-Bit Axe
15:31 Scale Barding Armor
15:47 Forging
17:16 Horse Collar
18:46 Wheelbarrow
18:57 Gold Mining
19:37 Padded Archer Armor
22:45 Castle Age
21:53 Fletching
24:06 Chain Barding Armor
24:03 Leather Archer Armor
24:26 Iron Casting
23:34 Elite Skirmisher
29:23 Town Watch
30:36 Bodkin Arrow
38:24 Imperial Age
35:40 Pikeman
38:13 Thumb Ring
38:42 Ballistics
41:00 Chemistry
40:11 Bracer
40:47 Hand Cart
40:33 Town Patrol
44:43 Squires
45:58 Scale Mail Armor
46:58 Blast Furnace
48:19 Nomads
48:43 Conscription
48:58 Arson
51:19 Chain Mail Armor
51:07 Heavy Cavalry Archer
52:17 Parthian Tactics
58:22 Elite Mangudai
62:31 Plate Mail Armor
63:35 Heavy Plow
63:50 Bow Saw
69:42 Gold Shaft Mining
Guru8722
7:10 Loom
10:16 Feudal Age
10:47 Double-Bit Axe
15:00 Fletching
19:34 Padded Archer Armor
25:44 Castle Age
25:57 Elite Skirmisher
26:47 Crossbowman
30:07 Thumb Ring
33:10 Wheelbarrow
32:33 Bodkin Arrow
35:46 Hand Cart
39:13 Gold Mining
39:59 Stone Mining
40:25 Murder Holes
41:04 Ballistics
45:07 Imperial Age
45:36 Leather Archer Armor
46:51 Bow Saw
46:43 Bracer
47:14 Ring Archer Armor
47:46 Chemistry
50:23 Arbalester
56:32 Squires
56:18 Arson
58:21 Scale Mail Armor
58:31 Forging
65:36 Scale Barding Armor
66:50 Chain Mail Armor
70:55 Plate Mail Armor
Sanji-San
6:29 Loom
8:54 Feudal Age
9:26 Double-Bit Axe
20:29 Castle Age
19:00 Horse Collar
19:52 Fletching
20:15 Bloodlines
20:44 Gold Mining
21:30 Bow Saw
21:57 Bodkin Arrow
23:27 Padded Archer Armor
27:16 Town Watch
27:58 Heavy Plow
31:43 Wheelbarrow
31:52 Thumb Ring
36:56 Scale Barding Armor
37:53 Hand Cart
41:02 Imperial Age
38:56 Husbandry
41:12 Chain Barding Armor
42:01 Cavalier
43:34 Plate Barding Armor
45:06 Bracer
46:36 Leather Archer Armor
47:30 Conscription
48:45 Heavy Cavalry Archer
50:28 Parthian Tactics
50:24 Light Cavalry
52:08 Ring Archer Armor
52:24 Recurve Bow
54:47 Hussar
61:10 Murder Holes
61:47 Ballistics
64:56 Chemistry
65:24 Murder Holes
Connection lost

Rejoining the realm…

Still unreachable

The connection could not be restored.

Session expired

The server has moved on; the page needs a fresh start.